 Dungeon Crawl Stone Soup version 0.30.1-9-gdf580d7c3d (webtiles) character file.

Game seed: 2528216468247871614

625 Psyclone the Magician (level 7, 0/36 HPs)
             Began as a Deep Elf Conjurer on Sept 25, 2023.
             Slain by Duvessa
             ... wielding a +0 short sword
              (7 damage)
             ... on level 4 of the Dungeon.
             The game lasted 00:08:22 (3909 turns).

Psyclone the Magician (Deep Elf Conjurer)           Turns: 3909, Time: 00:08:23

Health: 0/36       AC:  3    Str:  4    XL:     7   Next: 23%
Magic:  11/20      EV: 12    Int: 25    God:
Gold:   189        SH:  0    Dex: 13    Spells: 11/21 levels left

rFire   . . .        d - +3 dagger
rCold   . . .        (no shield)
rNeg    . . .        a - +0 robe
rPois   .            A - +0 helmet
rElec   .            (no cloak)
rCorr   .            (no gloves)
SInv    .            (no boots)
Will    .....        (no amulet)
Stlth   ++           r - ring of wizardry
HPRegen 0.26/turn    (no ring)
MPRegen 0.17/turn

%: wizardry (x1)
@: no status effects
A: no striking features
a: no special abilities


You were on level 4 of the Dungeon.
You visited 1 branch of the dungeon, and saw 4 of its levels.

You collected 189 gold pieces.

Inventory:

Hand Weapons
 d - a +3 dagger (weapon)
Armour
 a - a +0 robe (worn)
 A - a +0 helmet (worn)
Magical Staves
 g - a staff of fire
Jewellery
 r - a ring of wizardry (left hand)
Scrolls
 c - 4 scrolls of identify {unknown}
 k - 2 scrolls of teleportation {unknown}
 o - a scroll of blinking {unknown}
 q - a scroll of silence {unknown}
 t - a scroll of acquirement {unknown}
 v - 2 scrolls of immolation {unknown}
 w - a scroll of fear {unknown}
 x - a scroll of enchant armour {unknown}
 y - a scroll of torment {unknown}
Potions
 b - 3 potions of magic
 e - a potion of cancellation {unknown}
 f - a potion of might {unknown}
 h - a potion of heal wounds
 i - a potion of berserk rage {unknown}
 j - 2 potions of attraction {unknown}
 l - a potion of flight {unknown}
 m - a potion of invisibility {unknown}
 n - 2 potions of resistance {unknown}
 p - a potion of curing {unknown}
 s - a potion of haste {unknown}
 u - a potion of brilliance {unknown}
 z - 2 potions of ambrosia {unknown}


   Skills:
 - Level 2.4 Dodging
 - Level 2.4 Stealth
 + Level 7.8 Spellcasting
 + Level 7.5 Conjurations


You had 11 spell levels left.
You knew the following spells:

 Your Spells              Type           Power      Damage    Failure   Level
a - Magic Dart            Conj           100%       1d8       1%          1
b - Searing Ray           Conj           94%        2d7       1%          2
c - Dazzling Flash        Conj/Hex       56%        N/A       1%          3
d - Fulminant Prism       Conj/Hex       14%        3d9       5%          4

Your spell library contained the following spells:

 Spells                   Type           Power      Damage    Failure   Level
 Static Discharge         Conj/Air       56%        2-5/arc   1%          2
 Ensorcelled Hibernation  Hex/Ice        18%        N/A       4%          2
 Iskenderun's Mystic Bla  Conj/Tloc      28%        2d7       5%          4
 Spider Form              Tmut/Pois      9%         N/A       8%          3
 Airstrike                Air            4%         2d(1-17)  24%         4
 Anguish                  Hex/Necr       4%         N/A       24%         4
 Summon Lightning Spire   Summ/Air       9%         N/A       24%         4


Dungeon Overview and Level Annotations

Branches:
Dungeon (4/15) Zot: 20092
 Temple: D:4-7

Altars:
Xom

Shops:
D:1 *

Annotations:
D:4 Duvessa


Message History

Dowan is lightly wounded. (Press . to maintain the ray.) Duvessa hits you but does no damage.
You now have 17/20 mp.
The searing ray hits Duvessa.
Duvessa is moderately wounded.
The searing ray hits Dowan!
Dowan is heavily wounded.
Duvessa barely misses you.
You now have 16/20 mp.
The searing ray misses Duvessa.
The searing ray hits Dowan!
You kill Dowan!
Duvessa weeps, and shakes her weapon.
Duvessa goes berserk!
Duvessa hits you with a +0 short sword!
You take 12 damage, and have 24/36 hp.
MASSIVE DAMAGE!!
The searing ray hits Duvessa!
Duvessa is heavily wounded.
You finish channelling your searing ray.
Duvessa completely misses you. Duvessa barely misses you.
You now have 15/20 mp.
Casting: Searing Ray (safe; 1% risk of failure)
Confirm with . or Enter, or press ? or * to list all spells.
Aiming: Searing Ray (safe; 1% risk of failure)
Press: ? - help, Shift-Dir - straight line, f/p - Duvessa
Aim: Duvessa, wielding a +0 short sword and wearing a +3 ring mail of poison resistance (heavily wounded, berserk, 87% to hit)
The searing ray hits Duvessa!
Duvessa is severely wounded. (Press . to maintain the ray.) Duvessa hits you with a +0 short sword!
You take 6 damage, and have 18/36 hp.
You now have 13/20 mp.
The searing ray hits Duvessa!
Duvessa is almost dead.
Duvessa hits you with a +0 short sword!
* * * LOW HITPOINT WARNING * * *
Duvessa barely misses you.
You take 11 damage, and have 7/36 hp.
MASSIVE DAMAGE!!
You now have 12/20 mp.
The searing ray hits Duvessa.
Duvessa is almost dead.
Duvessa hits you with a +0 short sword!
You die...

#.# #.# #.# ##'##
##...## . ##.....## ###
... ##.......## ##.#
.....###.........####...
.....)e@.........'......
.....###.........####...
.#. ##.......## ##..
##.....## ##< ##...## #.
##+## #. #. #. ..


You could see Duvessa (berserk).

Vanquished Creatures
  2 water moccasins (D:4)
  A phantom (D:4)
  A bullfrog (D:4)
  Dowan (D:4)
  An orc priest (D:4)
  3 gnolls (D:4)
  10 adders
  An ufetubus (D:4)
  5 dart slugs
  2 orcs (D:4)
  4 endoplasms
  2 giant cockroaches
  13 goblins
  2 hobgoblins
  2 jackals (D:4)
  4 kobolds
  5 quokkas
  8 ball pythons
  3 bats
  2 frilled lizards
  3 rats
75 creatures vanquished.

Notes
Turn   | Place    | Note
-------+----------+-------------------------------------------
     0 | D:1      | Psyclone the Deep Elf Conjurer began the quest for the Orb.
     0 | D:1      | Reached XP level 1. HP: 10/10 MP: 6/6
   248 | D:1      | Reached XP level 2. HP: 15/15 MP: 6/8
   306 | D:1      | Learned a level 2 spell: Searing Ray
   308 | D:1      | Found Holitzeo's Assorted Antiques.
  1115 | D:2      | Reached skill level 5 in Conjurations
  1115 | D:2      | Reached XP level 3. HP: 19/19 MP: 8/10
  1654 | D:3      | Reached XP level 4. HP: 17/24 MP: 8/12
  1953 | D:3      | Reached skill level 5 in Spellcasting
  1959 | D:3      | Learned a level 4 spell: Fulminant Prism
  2086 | D:3      | Found a shimmering altar of Xom.
  2693 | D:3      | Learned a level 3 spell: Dazzling Flash
  2811 | D:4      | Noticed a water moccasin
  2817 | D:4      | Killed a water moccasin
  2818 | D:4      | Reached XP level 5. HP: 5/28 MP: 5/15
  2990 | D:4      | Reached XP level 6. HP: 31/32 MP: 12/17
  3659 | D:4      | Noticed a water moccasin
  3667 | D:4      | Killed a water moccasin
  3669 | D:4      | Reached XP level 7. HP: 21/36 MP: 4/20
  3899 | D:4      | Noticed Duvessa
  3899 | D:4      | Noticed Dowan
  3905 | D:4      | Killed Dowan
  3909 | D:4      | Slain by Duvessa

Illustrated notes

Levels and vault maps discovered:
D:1:      dpeg_arrival_round_b, layout_basic, serial_shops, shop
D:2:      layout_rooms
D:3:      minmay_inner_zag, layout_basic, mainiacjoe_overflow_alcove_4
D:4:      layout_loops_corners, nicolae_nh_ransacked_shop, uniq_duvessa

Skill      XL: |  1  2  3  4  5  6 |
---------------+-------------------+-----
Spellcasting   | 4 6 7 |  7.8
Conjurations   | 5 6 7 |  7.5
Dodging        | |  2.4
Stealth        | |  2.4

Action                     |  1- 3 |  4- 6 |  7- 9 || total
---------------------------+-------+-------+-------++-------
   Cast: Magic Dart        |    61 |    60 |     6 ||   127
         Searing Ray       |     2 |    11 |     3 ||    16
    Use: Potion            |       |     1 |       ||     1
 Armour: Robe              |     1 |     1 |     1 ||     3
  Dodge: Dodged            |     6 |    12 |     5 ||    23
